 Dungeon Crawl Stone Soup version 0.28.0-47-ge53b351184 (webtiles) character file.

Game seed: 840193678514841296

229 bobregger the Cudgeller (level 6, -22/62 HPs)
             Began as an Ogre Berserker on May 5, 2022.
             Was a Believer of Trog.
             Annihilated by an ogre
             ... wielding a +0 giant club
              (27 damage)
             ... on level 3 of the Dungeon.
             The game lasted 00:02:49 (3450 turns).

bobregger the Cudgeller (Ogre Berserker)            Turns: 3450, Time: 00:02:50

Health: -22/62     AC:  3    Str: 22    XL:     6   Next: 3%
Magic:  6/6        EV: 10    Int:  8    God:    Trog [**....]
Gold:   95         SH:  0    Dex: 10    Spells: 5/5 levels left

rFire   . . .      SeeInvis .   a - +0 mace
rCold   . . .      Faith    .   (no shield)
rNeg    . . .      Spirit   .   b - +0 animal skin
rPois   .          Reflect  .   (helmet restricted)
rElec   .          Harm     .   (no cloak)
rCorr   .          Rampage  .   (gloves unavailable)
Will    .....                   (boots unavailable)
Stlth   +.........              (no amulet)
HPRegen 0.20/turn               (no ring)
MPRegen 0.10/turn               (no ring)

@: on berserk cooldown, slowed, very slow
A: large, unfitting armour, tough skin 1
a: Renounce Religion, Berserk, Trog's Hand


You were on level 3 of the Dungeon.
You worshipped Trog.
Trog was pleased with you.
You visited 1 branch of the dungeon, and saw 4 of its levels.

You collected 95 gold pieces.

Inventory:

Hand Weapons
 a - a +0 mace (weapon)
Armour
 b - a +0 animal skin (worn)
Scrolls
 d - a scroll of noise {unknown}
 h - 5 scrolls of identify {unknown}
 j - a scroll of immolation {unknown}
 k - a scroll of fear {unknown}
Potions
 c - 2 potions of heal wounds {unknown}
 e - 2 potions of might {unknown}
 f - a potion of lignification {unknown}
 g - 3 potions of curing {unknown}
 i - 3 potions of haste {unknown}


   Skills:
 - Level 4.0 Fighting
 + Level 5.9 Maces & Flails
 - Level 2.6 Dodging


You had 5 spell levels left.
You didn't know any spells.
Your spell library was empty.

Dungeon Overview and Level Annotations

Branches:
Dungeon (4/15)
 Temple: D:4-7

Altars:
Nemelex Xobeh

Shops:
D:1 (   D:3 *


Innate Abilities, Weirdness & Mutations

You are too large for most types of armour.
You have tough skin. (AC +1)


Message History

A red film seems to cover your vision as you go berserk!
You feel yourself moving faster!
You feel mighty! The iguana bites you!
You sock the iguana!
You kill the iguana!
Trog accepts your kill.
You barely miss the adder. The adder bites you but does no damage.
You miss the adder. The adder bites you.
* * * LOW HITPOINT WARNING * * *
You miss the adder. The adder bites you.
* * * LOW HITPOINT WARNING * * *
You miss the adder. The adder misses you.
You sock the adder!
You kill the adder!
Trog accepts your kill.
You have reached level 6!
You feel stronger.
You start resting.
You feel a strong urge to attack something.
You start resting.
You start resting.
You are no longer berserk.
You are exhausted.
You feel yourself slow down.
You start resting.
An ogre comes into view. It is wielding a +0 giant club.
An ogre is nearby!
An ogre is nearby!
An ogre is nearby!
The ogre shouts!
You hear a bark!
A hound comes into view.
The hound moves out of view.
The ogre barely misses you.
There is a stone staircase leading up here.
The hound misses you. The ogre hits you with a +0 giant club!
* * * LOW HITPOINT WARNING * * *
The hound misses you.
You climb upwards.
There is a stone staircase leading down here.
The ogre hits you with a +0 giant club!!
You die...

####.#.##.## #......#
##.# ##.###.# #.##.###
#.# #.# #.####.##.# #.#
#.# #.#....##.# #.#
#.###.#.#####.#########.#
#........(..............#
#######...>##.###########
#.##O#...# #.##@#...#
#.##.#...####
#.#.........## ######
#............# #.)..#
###..........# #.##..
##.#...###.###.##.#
#.#...##...##.##.#
#.#...#.....#†##..
#.##.#........####


You could see an ogre.

Vanquished Creatures
  Terence (D:3)
  3 iguanas
  An orc wizard (D:3)
  3 adders
  2 worms
  3 orcs (D:3)
  5 endoplasms
  3 giant cockroaches
  3 goblins (D:1)
  4 hobgoblins
  6 jackals
  7 kobolds
  5 quokkas
  5 ball pythons
  4 bats
  6 frilled lizards
  7 rats
68 creatures vanquished.

Vanquished Creatures (others)
  2 plants (D:3)
2 creatures vanquished.

Grand Total: 70 creatures vanquished

Notes
Turn   | Place    | Note
-------+----------+-------------------------------------------
     0 | D:1      | bobregger the Ogre Berserker began the quest for the Orb.
     0 | D:1      | Reached XP level 1. HP: 24/24 MP: 1/1
    91 | D:1      | Reached skill level 3 in Maces & Flails
   152 | D:1      | Reached XP level 2. HP: 27/32 MP: 2/2
   850 | D:1      | Reached XP level 3. HP: 33/39 MP: 3/3
   923 | D:1      | Reached ** piety under Trog
  1111 | D:1      | Found Sosihum's Antique Weapon Shoppe.
  1236 | D:2      | Reached skill level 4 in Maces & Flails
  1753 | D:2      | Reached XP level 4. HP: 26/48 MP: 4/4
  2022 | D:3      | Reached skill level 5 in Maces & Flails
  2281 | D:3      | Reached XP level 5. HP: 53/54 MP: 5/5
  2570 | D:3      | Found a sparkling altar of Nemelex Xobeh.
  3077 | D:3      | Noticed Terence
  3085 | D:3      | Killed Terence
  3089 | D:3      | Found Feotaxei's Assorted Antiques.
  3430 | D:4      | Reached XP level 6. HP: 24/62 MP: 6/6
  3450 | D:3      | Annihilated by an ogre

Illustrated notes

Levels and vault maps discovered:
D:1:      saegor_arrival_simple_a, layout_basic, serial_shops, shop
D:2:      layout_rooms, kennysheep_path_1
D:3:      layout_loops_ring, lemuel_tele_altar, serial_shops,
          nicolae_shop_overgrown_old_shop, minmay_misc_feat_rugged,
          grunt_ministairs_5, uniq_terence
D:4:      layout_loops_ring, mainiacjoe_overflow_concentric_impassable

Skill      XL: |  1  2  3  4 |
---------------+-------------+-----
Maces & Flails | 3 4 5 |  5.9
Fighting       | |  4.0
Dodging        | |  2.6

Action                   |  1- 3 |  4- 6 || total
-------------------------+-------+-------++-------
Melee: Mace              |   129 |   109 ||   238
       Punch             |       |     1 ||     1
Invok: Berserk           |       |     2 ||     2
Armor: Animal skin       |    35 |    24 ||    59
Dodge: Dodged            |    81 |    43 ||   124
